 Dungeon Crawl Stone Soup version 0.21-b1-21-g86478ac (webtiles) character file.

2335 Plasmagod the Covert (level 9, 0/41 HPs)
             Began as a Spriggan Enchanter on Jan 4, 2018.
             Was a Follower of Dithmenos.
             Slain by a bullfrog (4 damage)
             ... on level 7 of the Dungeon.
             The game lasted 00:51:08 (7575 turns).

Plasmagod the Covert (Spriggan Enchanter)           Turns: 7575, Time: 00:51:08

Health: 0/41       AC:  6    Str:  7    XL:     9   Next: 19%
Magic:  20/20      EV: 19    Int: 16    God:    Dithmenos [*.....]
Gold:   75         SH:  0    Dex: 17    Spells: 11/22 levels left

rFire    + . .     SeeInvis +   m - +1 dagger (freeze)
rCold    . . .     Gourm    .   (shield restricted)
rNeg     + . .     Faith    .   b - +0 robe
rPois    .         Spirit   .   s - +1 hat
rElec    .         Reflect  .   A - +2 cloak {MR+}
rCorr    .         Harm     .   (gloves unavailable)
MR       ++...                  (boots unavailable)
Stlth    ++++++....             C - amulet of magic regeneration
HPRegen  0.13/turn              B - ring of protection from fire
MPRegen  0.42/turn              y - ring of positive energy

@: wreathed by umbra, very quick
A: very small, unfitting armour, see invisible, herbivore, speed 3, slow
metabolism 2
a: Renounce Religion


You were on level 7 of the Dungeon.
You worshipped Dithmenos.
Dithmenos was aware of your devotion.
You were not hungry.

You visited 2 branches of the dungeon, and saw 8 of its levels.

You collected 361 gold pieces.
You spent 286 gold pieces at shops.

Inventory:

Hand Weapons
 a - a +1 dagger
 m - a +1 dagger of freezing (weapon)
Armour
 b - a +0 robe (worn)
 s - a +1 hat (worn)
 A - a +2 cloak of magic resistance (worn)
Jewellery
 l - an uncursed ring of protection from cold
 y - a ring of positive energy (right hand)
 B - a ring of protection from fire (left hand)
 C - an amulet of magic regeneration (around neck)
Scrolls
 e - 3 scrolls of identify
 f - 3 scrolls of teleportation
 h - a scroll of magic mapping
 i - a scroll of immolation {unknown}
 j - a scroll of enchant weapon
 n - a scroll of amnesia
 u - a scroll of enchant armour {unknown}
 x - a scroll of remove curse
Potions
 g - 2 potions of lignification
 k - 4 potions of brilliance
 p - 5 potions of heal wounds
 q - a potion of resistance
 r - 2 potions of magic
 t - a potion of ambrosia
Books
 c - a book of Maledictions

   Spells                             Type                      Level
   a - Corona                         Hexes                        1
   b - Ensorcelled Hibernation        Hexes/Ice                    2
   c - Confuse                        Hexes                        3
   d - Tukima's Dance                 Hexes                        3
   e - Dazzling Spray                 Conjuration/Hexes            3
 v - a book of Minor Magic

   Spells                             Type                      Level
   a - Magic Dart                     Conjuration                  1
   b - Blink                          Translocation                2
   c - Call Imp                       Summoning                    2
   d - Slow                           Hexes                        2
   e - Conjure Flame                  Conjuration/Fire             3
   f - Mephitic Cloud                 Conjuration/Poison/Air       3
 z - a book of Callings

   Spells                             Type                      Level
   a - Summon Small Mammal            Summoning                    1
   b - Call Imp                       Summoning                    2
   c - Call Canine Familiar           Summoning                    3
   d - Summon Guardian Golem          Hexes/Summoning              3
   e - Summon Lightning Spire         Summoning/Air                4
   f - Summon Ice Beast               Ice/Summoning                4
Comestibles
 d - 6 rations


   Skills:
 + Level 1.3 Fighting
 + Level 4.4 Short Blades
 + Level 4.2 Dodging
 + Level 11.2 Stealth
 + Level 7.2 Spellcasting
 + Level 7.1 Hexes
 + Level 1.1 Translocations
 + Level 3.6 Ice Magic


You had 11 spell levels left.
You knew the following spells:

 Your Spells              Type           Power        Failure   Level  Hunger
a - Corona                Hex            ####...      1%          1    None
b - Ensorcelled Hibernat  Hex/Ice        ###...       1%          2    None
c - Tukima's Dance        Hex            ####....     1%          3    ##.....
d - Confuse               Hex            ####....     1%          3    ##.....
e - Blink                 Tloc           N/A          12%         2    None


Dungeon Overview and Level Annotations

Branches:
Dungeon (7/15)             Temple (1/1) D:4

Altars:
Ashenzari
Cheibriados
Dithmenos
Elyvilon
Fedhas
Gozag
Hepliaklqana
Kikubaaqudgha
Makhleb
Nemelex Xobeh
Okawaru
Qazlal
Ru
Sif Muna
Trog
Uskayaw
Vehumet
Wu Jian
Xom
Yredelemnul
Zin
The Shining One

Shops:
D:4 *

Annotations:
D:5 1 transporter
D:7 ceb's ghost, novice VSFi


Innate Abilities, Weirdness & Mutations

You are very small and have problems with some larger weapons.
You are too small for most types of armour.
You have supernaturally acute eyesight. (SInv)
You are a herbivore.
You cover ground extremely quickly.
You need consume almost no food.


Message History

A jelly comes into view.
Found an arbalest.
The jelly quivers.
Found a hand axe.
The killer bee closely misses you.
Found a flail.
Found 14 stones.
The killer bee stings you.
* * * LOW HITPOINT WARNING * * *
You are lethally poisoned!
The killer bee poisons you!
* * * LOW HITPOINT WARNING * * *
You feel sick.
You feel better. The killer bee barely misses you. The killer bee misses you.
The killer bee misses you. The killer bee stings you.
* * * LOW HITPOINT WARNING * * *
The bullfrog croaks.
The bullfrog hits you.
You die...

.........#...## #.
..................
####+##.............##....
#.....>.........<...#$....
#.........#.#..#........#.
#.........................
ya.........#........#...#.
#......#...#.#<.@y........
#..........#.#.#F#.#....#
#........h...#...#.# ..#
#.......#....#.#.#y# ###
#............#.#.#y#.## ..
#####......#.#.#.#y#..##(####
### #...#.a......#.#........#
..# #......#.#.###.#.....)..#
#.# ##.....#.#.#
#.#..).....#..


You could see a bullfrog and a killer bee.

Vanquished Creatures
  The ghost of OnekoMk1 the Thaumaturge, a novice DEFE of Vehumet (D:6)
  Sigmund (D:2)
  Eustachio (D:4)
  Menkaure (D:4)
  2 ice beasts
  A phantom (D:4)
  4 centaurs
  An ogre (D:4)
  Blork the orc (D:4)
  A bullfrog (D:6)
  3 killer bees (D:7)
  2 howler monkeys (D:4)
  2 crimson imps
  Crazy Yiuf (D:6)
  2 jellies (D:6)
  4 orc wizards
  Ijyb (D:5)
  A worker ant zombie (D:6)
  Robin (D:4)
  9 adders
  3 gnolls (D:6)
  A howler monkey skeleton (D:4)
  A shadow imp (D:6)
  An adder zombie (D:5)
  An adder skeleton (D:4)
  7 worms
  2 dart slugs
  5 leopard geckos
  6 orcs
  A ball python (D:1)
  6 bats
  6 giant cockroaches
  14 goblins
  5 hobgoblins
  5 jackals
  8 kobolds
  3 quokkas
  6 frilled lizards
  A leopard gecko skeleton (D:4)
  3 rats
125 creatures vanquished.

Notes
Turn   | Place    | Note
-------+----------+-------------------------------------------
     0 | D:1      | Plasmagod the Spriggan Enchanter began the quest for the Orb.
     0 | D:1      | Reached XP level 1. HP: 9/9 MP: 5/5
   296 | D:1      | Reached XP level 2. HP: 8/13 MP: 5/7
  1435 | D:1      | Learned a level 2 spell: Ensorcelled Hibernation
  1588 | D:2      | Reached XP level 3. HP: 16/16 MP: 8/8
  1770 | D:2      | Reached skill level 5 in Stealth
  2074 | D:2      | Found a shimmering altar of Xom.
  2474 | D:2      | Reached XP level 4. HP: 21/21 MP: 0/10
  2601 | D:2      | Noticed Sigmund
  2608 | D:2      | Killed Sigmund
  2608 | D:2      | Reached skill level 6 in Stealth
  2608 | D:2      | Reached skill level 1 in Ice Magic
  2608 | D:2      | Reached XP level 5. HP: 25/25 MP: 10/12
  3051 | D:3      | Reached XP level 6. HP: 22/29 MP: 11/13
  3455 | D:3      | Learned a level 3 spell: Tukima's Dance
  3893 | D:4      | Found a staircase to the Ecumenical Temple.
  3895 | D:4      | Noticed Menkaure
  3905 | D:4      | Killed Menkaure
  3905 | D:4      | Reached skill level 7 in Stealth
  3905 | D:4      | Reached skill level 5 in Hexes
  3910 | Temple   | Entered the Ecumenical Temple
  4059 | Temple   | Became a worshipper of Dithmenos the Shadowed
  4221 | D:4      | Reached XP level 7. HP: 32/32 MP: 15/15
  4299 | D:4      | Noticed Eustachio
  4305 | D:4      | Noticed Blork the orc
  4372 | D:4      | Killed Eustachio
  4372 | D:4      | Reached skill level 1 in Fighting
  4372 | D:4      | Reached skill level 8 in Stealth
  4372 | D:4      | Reached skill level 5 in Spellcasting
  4421 | D:4      | Found Hevvihic's Assorted Antiques.
  4429 | D:4      | Bought an agate ring for 130 gold pieces
  4437 | D:4      | Killed Blork the orc
  4599 | D:4      | Noticed Robin
  4604 | D:4      | Killed Robin
  5092 | D:5      | Entered Level 5 of the Dungeon
  5103 | D:5      | Found a transporter.
  5118 | D:5      | Found a transporter.
  5159 | D:5      | HP: 1/33 [electric eel/bolt of electricity (9)]
  5415 | D:5      | Learned a level 1 spell: Magic Dart
  5418 | D:5      | Learned a level 2 spell: Blink
  5424 | D:5      | Reached XP level 8. HP: 32/37 MP: 12/17
  5425 | D:5      | Noticed Ijyb
  5559 | D:5      | Killed Ijyb
  5559 | D:5      | Reached * piety under Dithmenos
  5703 | D:5      | Reached skill level 9 in Stealth
  6280 | D:6      | Noticed OnekoMk1's ghost (novice DEFE)
  6532 | D:6      | Reached skill level 10 in Stealth
  6913 | D:6      | Found a runed door.
  6917 | D:6      | Noticed Crazy Yiuf
  6921 | D:6      | Killed Crazy Yiuf
  7037 | D:6      | Learned a level 3 spell: Confuse
  7297 | D:4      | Bought 3 scrolls of identify for 156 gold pieces
  7432 | D:6      | Killed OnekoMk1's ghost
  7432 | D:6      | Reached skill level 1 in Translocations
  7432 | D:6      | Reached XP level 9. HP: 41/41 MP: 18/20
  7472 | D:7      | Noticed ceb's ghost (novice VSFi)
  7476 | D:7      | Reached skill level 11 in Stealth
  7563 | D:7      | HP: 2/41 [killer bee (2)]
  7575 | D:7      | Slain by a bullfrog

Skill      XL: |  1  2  3  4  5  6  7  8  9 |
---------------+----------------------------+-----
Spellcasting   | 3 4 5 6 7 |  7.2
Hexes          | 4 5 7 |  7.1
Short Blades   | 2 3 4 |  4.4
Stealth        | 5 6 7 8 10 11 | 11.2
Ice Magic      | 1 2 3 |  3.6
Fighting       | 1 |  1.3
Dodging        | 4 |  4.2
Translocations | 1 |  1.1

Action                   |  1- 3 |  4- 6 |  7- 9 || total
-------------------------+-------+-------+-------++-------
Melee: Dagger            |   115 |   115 |   108 ||   338
 Cast: Corona            |    22 |    14 |     8 ||    44
       Ensorcelled Hiber |    19 |    24 |    75 ||   118
       Blink             |       |       |     2 ||     2
       Confuse           |       |       |     1 ||     1
  Use: Potion            |     2 |       |     4 ||     6
       Scroll            |     2 |     3 |     9 ||    14
 Stab: Sleeping          |    20 |    25 |    47 ||    92
       Confused          |       |       |     1 ||     1
  Eat: Ration            |       |     2 |     2 ||     4
Armor: Robe              |    15 |     8 |    10 ||    33
Dodge: Dodged            |    80 |    90 |   109 ||   279
